 Dungeon Crawl Stone Soup version 0.29.1-12-g30fa7ad0bf (webtiles) character file.

Game seed: 10048176153587224232

40 bubby the Conjurer (level 3, 0/21 HPs)
             Began as an Octopode Conjurer on Jan 19, 2023.
             Killed from afar by Natasha (11 damage)
             ... with a magic dart
             ... on level 2 of the Dungeon.
             The game lasted 00:03:56 (1951 turns).

bubby the Conjurer (Octopode Conjurer)              Turns: 1951, Time: 00:03:56

Health: 0/21       AC:  1    Str:  6    XL:     3   Next: 50%
Magic:  6/6        EV: 13    Int: 22    God:
Gold:   85         SH:  0    Dex: 10    Spells: 3/6 levels left

rFire   . . .      SeeInvis .   c - +0 dagger
rCold   . . .      Faith    .   (no shield)
rNeg    . . .      Spirit   .   (helmet restricted)
rPois   .          Reflect  .   (no amulet)
rElec   .          Harm     .   (no ring)
rCorr   .          Rampage  .   (no ring)
Will    .....                   (no ring)
Stlth   +++.......              (no ring)
HPRegen 0.07/turn               (no ring)
MPRegen 0.10/turn               (no ring)
                                (no ring)
                                (no ring)

@: no status effects
A: almost no armour, amphibious, 8 rings, camouflage 1, gelatinous body 1,
(nimble swimmer 1), tentacles
a: no special abilities


You were on level 2 of the Dungeon.
You visited 1 branch of the dungeon, and saw 2 of its levels.

You collected 85 gold pieces.

Inventory:

Hand Weapons
 c - a +0 dagger (weapon)
Jewellery
 e - a ring of protection from cold
Scrolls
 f - a scroll of teleportation {unknown}
 h - a scroll of enchant weapon {unknown}
 i - 3 scrolls of fear {unknown}
Potions
 a - 2 potions of magic
 b - 3 potions of curing {unknown}
 d - a potion of attraction {unknown}
 g - a potion of degeneration {unknown}
 j - a potion of might {unknown}
 k - a potion of lignification {unknown}


   Skills:
 + Level 2.5 Dodging
 + Level 3.5 Stealth
 + Level 2.4 Spellcasting
 + Level 4.3 Conjurations


You had 3 spell levels left.
You knew the following spells:

 Your Spells              Type           Power      Damage    Failure   Level
a - Magic Dart            Conj           84%        1d7       2%          1
b - Searing Ray           Conj           42%        2d6       3%          2

Your spell library contained the following spells:

 Spells                   Type           Power      Damage    Failure   Level
 Dazzling Flash           Conj/Hex       24%        N/A       16%         3
 Fulminant Prism          Conj/Hex       6%         3d7       47%         4
 Iskenderun's Mystic Bla  Conj/Tloc      12%        2d5       47%         4


Dungeon Overview and Level Annotations

Branches:
Dungeon (2/15)

Altars:
Cheibriados

Shops:
D:1 [

Annotations:
D:2 Natasha


Innate Abilities, Weirdness & Mutations

You cannot wear most types of armour.
You are amphibious.
You can wear up to eight rings at the same time.
Your skin changes colour to match your surroundings (Stealth+).
Your rubbery body absorbs attacks. (AC +1, EV +1)
((You are camouflaged when in or above water. (Stealth+)))
You have tentacles for arms and can constrict up to eight enemies at once.


Message History

(Press . to maintain the ray.)
You start resting.
Magic restored.
You see here a jackal corpse.
A bat comes into view.
A bat is nearby!
The bat closely misses you.
You miss the bat. Your grab misses the bat.
The bat hits you but does no damage.
The magic dart hits the bat.
The bat is severely wounded.
The bat closely misses you.
The magic dart hits the bat.
You kill the bat!
You see here a bat corpse.
There is a snail-covered altar of Cheibriados here.
Found a stone staircase leading down.
There is a stone staircase leading down here.
Found an escape hatch in the floor.
There is an escape hatch in the floor here.
Found an escape hatch in the ceiling.
a - 2 potions of magic (gained 1)
k - a coppery potion
Found a stone staircase leading down.
Natasha, Servant of Life and Death comes into view.
Natasha hisses angrily.
You hear a shout!
A hobgoblin comes into view.
The magic dart hits Natasha.
Natasha is moderately wounded.
The hobgoblin shouts!
Natasha casts a spell at you. The magic dart hits you!
Ouch! That really hurt!
A hobgoblin comes into view.
Natasha drinks a potion.
Natasha flickers and vanishes!
Deactivating autopickup; reactivate with Ctrl-A.
A magic dart appears from out of thin air!
The magic dart hits you!
Ouch! That really hurt!
You die...

#######.#.########## #.#
#.#.# # #.# #.#.# #
#.########.# #.#.# #
#.......#..# #.#.# #
#.......#..#########.#.#
# #.......#..#>........#
.
#.......#..#.#########.#
#....^..#.{.....@......#
#.........##.###########
#........###.#
........## #..
##......#######
...............
.###..#########
.>........#
#.######......


There were no monsters in sight!

Vanquished Creatures
  3 dart slugs (D:1)
  A ball python (D:1)
  2 endoplasms (D:1)
  A giant cockroach (D:2)
  A goblin (D:1)
  5 hobgoblins
  2 jackals (D:2)
  3 kobolds (D:1)
  2 quokkas
  5 bats
  2 frilled lizards (D:1)
  5 rats
32 creatures vanquished.

Notes
Turn   | Place    | Note
-------+----------+-------------------------------------------
     0 | D:1      | bubby the Octopode Conjurer began the quest for the Orb.
     0 | D:1      | Reached XP level 1. HP: 11/11 MP: 3/3
   523 | D:1      | Reached XP level 2. HP: 17/17 MP: 5/5
   566 | D:1      | Found Imnox's Armour Shop.
  1057 | D:1      | Reached XP level 3. HP: 21/21 MP: 6/6
  1561 | D:2      | Found a snail-covered altar of Cheibriados.
  1565 | D:2      | Learned a level 2 spell: Searing Ray
  1936 | D:2      | Noticed Natasha
  1951 | D:2      | Killed from afar by Natasha

Illustrated notes

Levels and vault maps discovered:
D:1:      dpeg_arrival_shrine, layout_basic, serial_shops,
          nicolae_shop_waterfront, minmay_misc_feat_rugged
D:2:      layout_basic, basic_altar, uniq_natasha

Skill      XL: |  1 |
---------------+----+-----
Stealth        | 3 |  3.5
Dodging        | |  2.5
Spellcasting   | |  2.4
Conjurations   | |  4.3

Action                   || total
-------------------------++-------
Melee: Dagger            ||    21
       Constrict         ||     5
       Tentacles         ||     5
 Cast: Magic Dart        ||    34
       Searing Ray       ||     2
 Stab: Sleeping          ||    11
Armor: Skin              ||     4
Dodge: Dodged            ||     6
